Map: Frost LE

Players

DaBiggerFish

  • Race: Terran Terran
  • League: Master

FinnsoN - Winner!

  • Race: Terran Terran
  • League: Master

VOD

Have the link to the VOD?

Description

Time

  • Played on: July 10, 2016, 1:58 p.m.
  • Length: 12:40
Show
View Real Time Build Order
Export as new Build Order

DaBiggerFish Terran 

Build Orders: Reaper Expand, Bio Tank 

Get SALT Encoding   

  12  0:00  SCV  
  13  0:12  SCV  
  14  0:18  Supply Depot  
  14  0:25  SCV  
  15  0:40  SCV  
  15  0:42  Barracks  
  16  0:45  Refinery  
  16  0:52  SCV  
  18  1:04  SCV  
  18  1:16  SCV  
  19  1:28  Orbital Command  
  19  1:29  Reaper  
  20  1:44  Command Center  
  19  1:55  SCV  
  19  1:57  Supply Depot  
  20  2:02  Barracks Reactor  
  20  2:08  SCV  
  21  2:20  SCV  
  21  2:22  Factory  
  22  2:25  Refinery  
  22  2:32  SCV  
  23  2:38  Marine x2  
  25  2:44  SCV  
  26  2:56  Marine x2, Orbital Command, SCV  
  29  3:05  Factory Tech Lab  
  29  3:08  SCV  
  29  3:09  Starport  
  30  3:14  Marine  
  30  3:16  Marine  
  30  3:17  Supply Depot  
  32  3:20  SCV  
  32  3:22  SCV  
  34  3:29  Cyclone  
  34  3:32  SCV  
  34  3:34  SCV  
  40  3:37  Marine x2  
  42  3:44  SCV  
  42  3:46  SCV  
  42  3:47  Supply Depot  
  44  3:57  SCV, Viking  
  44  3:58  SCV  
  44  4:00  Marine  
  44  4:01  Marine  
  49  4:07  Siege Tank  
  49  4:09  SCV  
  53  4:10  SCV  
  54  4:18  Marine x2  
  54  4:21  SCV  
  54  4:22  SCV  
  58  4:25  Supply Depot  
  58  4:28  Medivac  
  60  4:32  Supply Depot  
  60  4:33  SCV  
  60  4:34  SCV  
  62  4:47  Marine x2, SCV x2, Factory Reactor  
  62  4:50  Barracks  
  62  4:51  Supply Depot  
  62  4:52  Barracks  
  66  4:55  Supply Depot  
  66  4:59  SCV x2  
  68  5:01  Starport Reactor  
  68  5:11  SCV x2, Command Center  
  70  5:15  Supply Depot, Refinery  
  70  5:16  Marine  
  70  5:17  Marine, Refinery  
  72  5:23  SCV x2  
  74  5:28  Engineering Bay  
  74  5:34  Factory Tech Lab, Marine  
  74  5:35  Marine, SCV  
  76  5:36  SCV  
  76  5:37  Marine  
  76  5:40  Stimpack  
  76  5:42  Supply Depot  
  79  5:43  Medivac x2  
  79  5:49  SCV  
  84  5:52  Marine  
  84  5:54  Marine, Terran Infantry Weapons Level 1  
  84  5:55  Marine x3  
  89  5:57  SCV  
  89  6:00  Siege Tank  
  89  6:01  SCV  
  93  6:09  Marine  
  94  6:12  Marine  
  94  6:14  Barracks  
  94  6:16  Barracks  
  94  6:18  SCV  
  96  6:20  Marine x2  
  96  6:21  Supply Depot, Medivac  
  96  6:25  Marine  
  99  6:27  Marine  
  99  6:31  Marine  
  102  6:37  Siege Tank  
  102  6:38  Marine x2  
  107  6:43  Marine  
  107  6:45  Marine  
  107  6:46  Medivac  
  111  6:49  Marine  
  111  6:51  Orbital Command  
  112  6:55  Supply Depot  
  112  6:56  Marine  
  113  7:03  SCV  
  113  7:07  Marine x2, Barracks Reactor  
  116  7:09  Barracks Reactor, Siege Tank  
  116  7:11  Marine  
  116  7:12  Marine  
  116  7:13  SCV  
  116  7:14  Marine  
  124  7:15  SCV  
  124  7:18  Orbital Command  
  124  7:20  Supply Depot  
  124  7:24  Marine x2  
  124  7:25  SCV  
  124  7:27  SCV, Medivac  
  124  7:28  Medivac  
  124  7:29  Marine x2  
  132  7:31  Marine  
  134  7:37  SCV  
  134  7:40  Combat Shields  
  134  7:41  SCV  
  134  7:42  Marine x2  
  137  7:45  Marine x3, Siege Tank  
  137  7:47  Marine x2  
  137  7:48  Marine  
  137  7:49  SCV, Marine  
  148  7:52  SCV  
  148  7:56  Terran Infantry Armor Level 1  
  149  7:59  Supply Depot  
  149  8:01  Supply Depot x2  
  149  8:02  Supply Depot  
  149  8:16  Factory  
  149  8:19  Armory, Engineering Bay  
  149  8:21  Marine x3, Medivac x2, SCV  
  149  8:23  Marine x5, SCV x2, Siege Tank  
  166  8:27  Supply Depot  
  166  8:30  Marine  
  166  8:33  SCV  
  167  8:35  SCV x2  
  167  8:39  Marine x3  
  167  8:40  Marine  
  172  8:45  SCV  
  172  8:46  Marine x4  
  172  8:47  SCV x2  
  172  8:48  Marine  
  180  8:54  Medivac x2  
  180  8:56  Marine x3, Siege Tank  
  180  8:58  Marine  
  180  9:02  Factory Tech Lab  
  187  9:04  Marine x2  
  187  9:05  Missile Turret  
  187  9:07  Supply Depot  
  189  9:23  Barracks x2  
  189  9:25  Barracks  
  189  9:28  Marine x2  
  189  9:29  Marine x3, SCV x2, Siege Tank  
  189  9:30  Marine  
  197  9:36  Marine, Command Center  
  197  9:41  Terran Infantry Weapons Level 2  
  197  9:44  Terran Vehicle Weapons Level 1, Siege Tank  
  200  9:51  Marine x2  
  197  10:10  Marine x2  
  197  10:11  Marine x2  
  197  10:13  Marine  
  197  10:14  Marine x4, Siege Tank  
  144  10:17  Marine x2  
  144  10:18  Marine  
  144  10:19  Terran Infantry Armor Level 2  
  138  10:28  Marine x2, Siege Tank  
  138  10:29  Marine x2  
  138  10:31  Marine x2  
  138  10:32  Marine x3  
  138  10:35  Marine x3  
  151  10:41  Refinery x2  
  152  10:46  Marine x3, Siege Tank  
  152  10:47  Marine  
  152  10:49  Marine x2  
  161  10:50  Marine x3  
  161  10:53  Marine x3  
  162  11:00  Siege Tank  
  162  11:03  Marine  
  164  11:08  Marine x2  
  166  11:13  Marine x3  
  166  11:14  Marine  
  166  11:17  Marine x2  
  166  11:18  Marine, Siege Tank  
  168  11:19  Marine x2  
  137  11:33  Marine, Siege Tank  
  137  11:34  Marine  
  126  11:43  Marine x5, Marauder  
  114  11:49  Marine x4  
  114  11:51  Marine x2  
  119  12:00  Marine  
  119  12:01  Marine x4  
  122  12:04  Marine  
  122  12:06  Marine  
  122  12:07  Marine x3  
  129  12:09  Marine x2  
  131  12:18  Marine x3  
  131  12:19  Marine x2  
  131  12:22  Marine  
Show
View Real Time Build Order
Export as new Build Order

FinnsoN Terran - Winner!

Build Orders: Bio Tank 

Get SALT Encoding   

  12  0:00  SCV  
  13  0:12  SCV  
  14  0:17  Supply Depot  
  14  0:25  SCV  
  15  0:38  SCV  
  15  0:41  Barracks  
  16  0:45  Refinery  
  16  0:50  SCV  
  17  1:03  SCV  
  18  1:15  SCV  
  19  1:31  Orbital Command  
  19  1:33  Barracks Reactor  
  19  1:50  Command Center  
  19  1:54  Supply Depot  
  19  1:58  SCV  
  20  2:09  Marine x2  
  20  2:10  SCV  
  23  2:18  Factory  
  23  2:22  SCV  
  24  2:27  Marine x2  
  26  2:30  Refinery  
  26  2:34  SCV  
  27  2:45  Marine x2  
  27  2:46  SCV  
  30  2:58  SCV  
  30  3:01  Orbital Command  
  30  3:03  Marine x2  
  33  3:06  Starport  
  33  3:10  Factory Tech Lab  
  33  3:13  SCV  
  34  3:21  Marine x2  
  34  3:26  SCV  
  37  3:29  Siege Tank  
  37  3:30  SCV  
  37  3:34  Supply Depot  
  41  3:38  SCV  
  42  3:42  Marine x2  
  42  3:46  Supply Depot  
  44  3:53  SCV  
  45  4:00  Reaper  
  45  4:01  Engineering Bay  
  45  4:02  SCV  
  47  4:04  Marine, Siege Tank  
  47  4:07  SCV  
  52  4:11  Viking  
  52  4:15  SCV  
  55  4:19  Supply Depot  
  55  4:20  SCV  
  55  4:21  Marine  
  57  4:27  SCV  
  58  4:32  Marine  
  58  4:34  SCV  
  60  4:42  Command Center  
  60  4:43  Siege Tank  
  60  4:44  SCV  
  64  4:46  SCV  
  64  4:51  Supply Depot, Marine x2  
  67  4:54  Medivac  
  67  4:58  SCV  
  70  5:08  Supply Depot  
  70  5:12  Marine  
  70  5:13  SCV x2  
  70  5:14  Supply Depot, Marine  
  74  5:16  Siege Tank  
  77  5:25  SCV  
  77  5:27  Starport Reactor, Refinery, Barracks  
  77  5:28  Barracks  
  78  5:30  Marine  
  78  5:31  Marine  
  78  5:34  SCV  
  81  5:39  SCV  
  82  5:45  Terran Infantry Weapons Level 1  
  82  5:47  SCV  
  82  5:48  Marine  
  82  5:49  Marine  
  85  5:54  Supply Depot x2, Orbital Command  
  86  5:57  SCV  
  86  6:00  Supply Depot  
  86  6:06  Marine  
  86  6:07  Marine  
  86  6:09  Siege Tank  
  91  6:12  SCV x2, Orbital Command  
  91  6:14  Medivac  
  91  6:17  Barracks Tech Lab  
  95  6:19  Barracks Tech Lab  
  95  6:23  Marine, Barracks  
  96  6:25  SCV  
  97  6:33  SCV  
  97  6:38  Marine x2, SCV  
  97  6:39  Barracks  
  99  6:40  Refinery, Medivac  
  99  6:44  Marine  
  102  6:47  Marine  
  103  6:55  Combat Shields, Stimpack  
  103  6:57  Marine x2  
  103  6:59  SCV  
  103  7:01  SCV  
  107  7:02  SCV  
  107  7:04  Missile Turret  
  107  7:06  Missile Turret  
  108  7:09  Marine x2  
  108  7:11  SCV, Barracks Reactor  
  108  7:12  Engineering Bay  
  108  7:15  Marine, Marauder  
  114  7:16  Medivac  
  114  7:20  Supply Depot  
  116  7:26  Marine  
  116  7:28  Marine  
  119  7:31  Barracks Reactor  
  119  7:32  Siege Tank  
  119  7:33  SCV  
  119  7:35  SCV x2  
  119  7:37  Marine x2  
  124  7:42  Supply Depot, Terran Infantry Armor Level 1  
  126  7:44  Marine  
  126  7:45  SCV  
  126  7:46  Marine  
  126  7:48  Marine x2  
  128  7:54  Marine, Barracks  
  128  7:57  Refinery, Barracks  
  128  7:58  SCV, Marine  
  130  7:59  Factory  
  130  8:00  Refinery  
  130  8:04  Siege Tank  
  134  8:06  Marine x4  
  134  8:09  Medivac  
  134  8:12  SCV  
  141  8:15  Missile Turret  
  141  8:16  SCV, Marine x2  
  141  8:17  SCV, Missile Turret  
  145  8:20  Marine x2  
  145  8:22  Medivac  
  149  8:33  Marine x2  
  149  8:34  SCV x2  
  153  8:36  Supply Depot  
  153  8:37  Supply Depot  
  153  8:39  Marine x2  
  155  8:42  Siege Tank  
  155  8:43  Barracks Reactor  
  155  8:45  Factory Tech Lab  
  155  8:46  Barracks Reactor  
  157  8:52  Marine x2  
  159  8:56  Marine x2  
  159  8:57  Marine  
  159  9:01  Marine  
  163  9:07  SCV, Command Center  
  164  9:11  Sensor Tower, Marine x4  
  164  9:14  Siege Tank  
  171  9:20  Siege Tank  
  174  9:26  Marine x4, Armory  
  174  9:27  Marine x2  
  174  9:30  Marine  
  174  9:31  Marine  
  181  9:43  Marine  
  181  9:51  Supply Depot, Marine, Siege Tank  
  181  9:52  Supply Depot, Marine x3  
  186  9:53  Missile Turret  
  186  9:54  Marine x2  
  186  9:56  Siege Tank  
  192  10:03  Marine x2  
  192  10:06  Marine  
  193  10:10  Marine x3  
  193  10:12  Marine  
  163  10:22  Marine x3  
  163  10:23  Marine x4  
  163  10:24  Siege Tank  
  163  10:28  Marine x2, Medivac x2, Siege Tank  
  182  10:40  Terran Vehicle Weapons Level 1  
  182  10:43  Marine  
  183  10:52  Marine  
  183  10:53  Refinery  
  184  10:57  Marine x3  
  184  11:00  Marine  
  184  11:01  Marine x3, Siege Tank  
  184  11:04  Marine  
  183  11:05  Factory  
  183  11:07  Marine  
  183  11:08  Marine x2  
  186  11:15  Marine x3  
  186  11:16  Marine  
  190  11:18  Marine x4  
  190  11:21  Marine  
  195  11:25  Marine x2  
  195  11:32  Marine  
  177  11:33  Marine x2  
  177  11:39  Marine  
  168  11:41  Marine  
  157  11:51  Marine x2  
  157  11:53  Marine x3  
  157  11:54  Marine  
  163  11:55  Marine x2  
  163  11:56  Siege Tank x2  
  163  11:59  Planetary Fortress  
  171  12:02  SCV x2  
  171  12:03  Barracks  
  171  12:04  Barracks  
  171  12:07  Marine  
  174  12:08  Refinery  
  174  12:15  Marine x2  
  176  12:17  Marine  
  176  12:18  Marine x2  
  176  12:19  Marine x3  
Tags
 
Add a new tag
Caveats
  • Supply blocks, unpowered buildings, or Contaminate may cause inaccurate times.
  • Supply counts are checked every 10 seconds.